 Dungeon Crawl Stone Soup version 0.17.2-1-ge4368a0 (webtiles) character file.

1964 ololoev the Cleaver (level 9, -1/62 HPs)
             Began as a Demonspawn Gladiator on July 25, 2016.
             Was a Believer of Okawaru.
             Slain by a troll (5 damage)
             ... on level 9 of the Dungeon.
             The game lasted 00:13:33 (2305 turns).

ololoev the Cleaver (Demonspawn Gladiator)          Turns: 2305, Time: 00:13:33

Health: -1/62      AC: 13    Str: 23    XL:     9   Next: 0%
Magic:  21/21      EV:  8    Int: 10    God:    Okawaru [**....]
Gold:   315        SH:  0    Dex: 14    Spells: 0 memorised, 8 levels left

rFire  . . .     SeeInvis .     a - +0 war axe
rCold  . . .     Clarity  .     y - +0 plate armour
rNeg   . . .     SustAt   .     (no shield)
rPois  .         Gourm    .     (helmet restricted)
rElec  .         Spirit   .     E - +0 cloak
rCorr  .         Warding  .     (no gloves)
rMut   .         Stasis   .     (no boots)
MR     .....                    (no amulet)
Stlth  ..........               F - ring of magical power
                                u - ring of loudness (curse)

@: mighty, not resistant to hostile enchantments, extremely unstealthy
A: horns 2, powered by death 2
a: Heroism, Renounce Religion


Innate Abilities, Weirdness & Mutations

You have a pair of horns on your head.
You regenerate health from kills.

Inventory:

Hand Weapons
 a - a +0 war axe (weapon)
Missiles
 d - a throwing net (quivered)
 p - 3 poisoned javelins
Armour
 t - a +2 helmet
 y - a +0 plate armour (worn)
 E - a +0 cloak (worn)
Jewellery
 h - an uncursed ring of flight
 r - a +2 ring of strength
 u - a cursed ring of loudness (left hand)
 F - a ring of magical power (right hand)
Wands
 q - a wand of teleportation (3)
 s - a wand of cold (6)
Scrolls
 b - a scroll of immolation {unknown}
 g - 2 scrolls of remove curse
 j - a scroll of magic mapping {unknown}
 k - 4 scrolls of teleportation
 l - a scroll of random uselessness {unknown}
 m - a scroll of amnesia {unknown}
 n - a scroll of enchant armour {unknown}
 C - 2 scrolls of noise {unknown}
 I - a scroll of fear {unknown}
Potions
 c - a potion of ambrosia {unknown}
 i - a potion of curing
 o - a potion of heal wounds {unknown}
 v - a potion of experience {unknown}
 x - a potion of poison {unknown}
 z - 3 potions of flight {unknown}
 A - a potion of resistance {unknown}
 D - a potion of cancellation {unknown}
 H - a potion of lignification {unknown}
Miscellaneous
 w - a plain deck of summoning {drawn: 3}
Comestibles
 e - 6 bread rations
 B - a beef jerky
 G - a meat ration


   Skills:
 + Level 2.9 Fighting
 * Level 8.5 Axes
 + Level 2.4 Throwing
 + Level 5.2 Armour
 + Level 3.1 Dodging
 + Level 4.7 Invocations


You had 8 spell levels left.
You didn't know any spells.


You were on level 9 of the Dungeon.
You worshipped Okawaru.
Okawaru was pleased with you.
You were not hungry.

You visited 1 branch of the dungeon, and saw 9 of its levels.

You collected 315 gold pieces.

.......##.#.#.#.#.##.#.#
............#.# #.# ##.#
####'#.###. #.# #.# #.#
####.#.# #. ..# #l# #.#
.......# #..#.# #g# #.#
####.#####... #.####.#
#.........#.. #...##.#
#.#.#######...##T####'####
#.#... ....>..@.##......#
#.#########.#######......#
#........(...............#
##########...............#
#...............#
#...............#
#.........#######
######...## #...#

Notes
Turn   | Place    | Note
--------------------------------------------------------------
     0 | D:1      | ololoev the Demonspawn Gladiator began the quest for the Orb.
     0 | D:1      | Reached XP level 1. HP: 16/16 MP: 1/1
    44 | D:2      | Reached skill level 3 in Axes
    44 | D:2      | Gained mutation: You regenerate a little health from kills. [demonic ancestry]
    44 | D:2      | Reached XP level 2. HP: 17/22 MP: 2/2
   136 | D:2      | Noticed Jessica
   146 | D:2      | Killed Jessica
   146 | D:2      | Reached skill level 1 in Armour
   146 | D:2      | Gained mutation: You regenerate health from kills. [demonic ancestry]
   146 | D:2      | Reached XP level 3. HP: 27/27 MP: 3/3
   184 | D:2      | Noticed Terence
   188 | D:2      | Killed Terence
   188 | D:2      | Reached skill level 4 in Axes
   188 | D:2      | Reached XP level 4. HP: 33/33 MP: 4/4
   361 | D:2      | Found an opulent altar of Gozag.
   653 | D:3      | Reached XP level 5. HP: 38/38 MP: 5/5
   716 | D:5      | Entered Level 5 of the Dungeon
   927 | D:5      | Found a sparkling altar of Nemelex Xobeh.
  1010 | D:6      | Noticed an orc warrior
  1025 | D:5      | Killed an orc warrior
  1025 | D:5      | Reached skill level 5 in Axes
  1025 | D:5      | Reached XP level 6. HP: 31/44 MP: 6/6
  1070 | D:6      | Noticed Prince Ribbit
  1070 | D:6      | Noticed a centaur
  1072 | D:6      | Noticed a purple ugly thing
  1077 | D:6      | Killed Prince Ribbit
  1078 | D:6      | Killed a centaur
  1078 | D:6      | Reached skill level 6 in Axes
  1096 | D:6      | Noticed a centaur
  1099 | D:6      | Found a radiant altar of Vehumet.
  1104 | D:6      | Killed a centaur
  1104 | D:6      | Reached XP level 7. HP: 21/50 MP: 7/7
  1183 | D:6      | Found a basalt altar of Yredelemnul.
  1264 | D:6      | Found an iron altar of Okawaru.
  1297 | D:6      | Became a worshipper of Warmaster Okawaru
  1385 | D:7      | Reached skill level 1 in Invocations
  1473 | D:7      | Reached * piety under Okawaru
  1473 | D:7      | Reached skill level 7 in Axes
  1651 | D:7      | Gained mutation: You have a pair of small horns on your head. [demonic ancestry]
  1651 | D:7      | Reached XP level 8. HP: 47/56 MP: 9/9
  1685 | D:7      | Reached ** piety under Okawaru
  1782 | D:8      | Reached skill level 8 in Axes
  2207 | D:9      | Reached skill level 5 in Armour
  2269 | D:9      | Noticed a troll
  2272 | D:9      | Noticed Grum
  2280 | D:9      | Gained mutation: You have a pair of horns on your head. [demonic ancestry]
  2280 | D:9      | Reached XP level 9. HP: 22/62 MP: 12/12
  2282 | D:9      | HP: 1/62 [troll (4)]
  2300 | D:9      | HP: 3/62 [troll (10)]
  2305 | D:9      | Slain by a troll

Dungeon Overview and Level Annotations

Branches:
Dungeon (9/15)
 Temple: D:4-7         Lair: D:8-11         Orc: D:9-12

Altars:
Gozag
Nemelex Xobeh
Okawaru
Vehumet
Yredelemnul

Annotations:
D:9 Grum


Message History

Unknown command.
You slash the wolf!
You kill the wolf!
Okawaru accepts your kill.
You have reached level 9!
Your experience leads to an increase in your attributes!
Your base attributes are Str 17, Int 10, Dex 14.
Increase (S)trength, (I)ntelligence, or (D)exterity?
You feel stronger.
Your demonic ancestry asserts itself...
The horns on your head grow some more.
Unknown command.
Unknown command.
You barely miss the troll.
The troll is moderately wounded.
The troll bites you but does no damage. The troll claws you.
The troll claws you.
Unknown command.
You slash the troll!
The troll is heavily wounded.
The troll bites you! The troll claws you. The troll claws you.
Grum barely misses you.
A hound comes into view.
Unknown command.
Grum zaps a wand.
You hear a grinding noise.
Drink which item? (? for menu, Esc to quit)
Okay, then.
You feel less regenerative.
Drink which item? (? for menu, Esc to quit)
You feel better. The troll bites you. The troll claws you. The troll claws you.
Grum hits you from afar with a halberd!
Drink which item? (? for menu, Esc to quit)
You feel better. The troll bites you. The troll claws you!
The troll misses you. Grum closely misses you.
Found a stone staircase leading down.
Grum zaps a wand.
You hear a grinding noise.
The troll closely misses you. The troll claws you but does no damage.
The troll claws you.
You die...

You could see Grum, a troll and an iguana.

Vanquished Creatures
  A hippogriff (D:7)
  A sky beast (D:8)
  2 wolves (D:9)
  An orc warrior (D:5)
  A centaur (D:6)
  2 giant frogs
  A wyvern skeleton (D:9)
  A scorpion (D:4)
  4 wights (D:7)
  2 crimson imps
  3 killer bees (D:7)
  A hound (D:9)
  A quasit (D:9)
  2 centaur skeletons
  3 jellies
  An orc priest (D:6)
  An iguana (D:8)
  An orc wizard (D:9)
  A giant frog skeleton (D:7)
  Jessica (D:2)
  Terence (D:2)
  A worker ant (D:8)
  A killer bee zombie (D:6)
  A shadow imp (D:8)
  3 adders
  An ooze (D:2)
  2 adder zombies
  9 orcs
  4 hobgoblins
  3 jackals (D:2)
  A ball python (D:3)
  3 bats (D:2)
  2 giant cockroaches
  A giant gecko (D:2)
  2 giant newts
  3 goblins
  2 jackal skeletons
  4 kobolds
  A quokka zombie (D:8)
  3 rats
79 creatures vanquished.

Vanquished Creatures (collateral kills)
  Prince Ribbit (D:6)
  A hippogriff (D:7)
  A centaur (D:6)
  A worker ant (D:7)
4 creatures vanquished.

Grand Total: 83 creatures vanquished

Action                   |  1- 3 |  4- 6 |  7- 9 || total
-------------------------+-------+-------+-------++-------
Melee: War axe           |    27 |    90 |   151 ||   268
Throw: Throwing net      |     1 |     1 |       ||     2
       Javelin           |     3 |     6 |       ||     9
Evoke: Deck              |       |     2 |     1 ||     3
       Wand              |       |       |     4 ||     4
  Use: Scroll            |       |     2 |     2 ||     4
       Potion            |       |     1 |     4 ||     5
 Stab: Sleeping          |     1 |       |       ||     1
       Held in net/web   |     1 |       |       ||     1
  Eat: Chunk             |       |     1 |     4 ||     5

Vault maps used:
D:1:      tarquinn_simple_flora_water_f
D:2:      first_bread, nicolae_gozag_seed_capital, uniq_jessica, uniq_terence
D:4:      lemuel_crystal_altar, uniq_robin
D:5:      nemelex_deck, basic_altar
D:6:      nicolae_overflow_hidden_temple, okawaru_ov_weapons_minmay,
          nicolae_overflow_crystal_walls, uniq_prince_ribbit1
D:7:      lemuel_doored_altar, temple_fountains
D:9:      uniq_pikel, uniq_grum
